 Dungeon Crawl Stone Soup version 0.17-a0-1719-g1afd5a1 (webtiles) character file.

50 Oddball22 the Digger (level 3, 0/19 HPs)
             Began as a Gargoyle Earth Elementalist on Aug 28, 2015.
             Slain by a gnoll
             ... wielding a +0 flail
              (7 damage)
             ... on level 2 of the Dungeon.
             The game lasted 00:04:52 (1855 turns).

Oddball22 the Digger (Gargoyle Earth Elementalist)  Turns: 1855, Time: 00:04:53

Health: 0/19       AC:  7    Str: 12    XL:     3   Next: 79%
Magic:  4/6        EV: 12    Int: 15    God:
Gold:   70         SH:  0    Dex: 14    Spells: 3 memorised, 0 levels left

rFire  . . .     SeeInvis .     o - +0 spear
rCold  + . .     Clarity  .     b - +0 robe
rNeg   + . .     SustAt   .     (no shield)
rPois  ∞         Gourm    .     p - +1 hat
rElec  +         Spirit   .     g - +0 cloak
rCorr  .         Warding  .     (no gloves)
rMut   .         Stasis   .     (no boots)
MR     .....                    (no amulet)
Stlth  ++........               n - ring of protection from cold
                                f - +4 ring of dexterity

@: not resistant to hostile enchantments, unstealthy
A: negative energy resistance 1, electricity resistance, unbreathing,
petrification resistance, rot immunity, AC +3
a: no special abilities


You were on level 2 of the Dungeon.
You were hungry.

You visited 1 branch of the dungeon, and saw 2 of its levels.

You collected 70 gold pieces.

Inventory:

Hand weapons
 o - a +0 spear (weapon)
Missiles
 a - 76 stones (quivered)
Armour
 b - a +0 robe (worn)
 g - a +0 cloak (worn)
 p - a +1 hat (worn)
Jewellery
 f - a +4 ring of dexterity (left hand)
 j - an uncursed ring of flight
 n - a ring of protection from cold (right hand)
Scrolls
 e - 3 scrolls of identify {unknown}
 h - a scroll of immolation {unknown}
Potions
 k - a potion of haste {unknown}
 l - a potion of mutation {unknown}
Books
 c - a book of Geomancy

   Spells                             Type                      Level
   a - Sandblast                      Earth                        1
   b - Stoneskin                      Transmutation/Earth          2
   c - Passwall                       Transmutation/Earth          3
   d - Stone Arrow                    Conjuration/Earth            3
   e - Petrify                        Transmutation/Earth          4
   f - Lee's Rapid Deconstruction     Earth                        5
Comestibles
 d - 3 bread rations
 i - a royal jelly
 m - a meat ration
 r - a beef jerky


   Skills:
 - Level 1.5 Dodging
 - Level 2.1 Stealth
 - Level 2.3 Spellcasting
 + Level 1.8 Conjurations
 - Level 0.7 Transmutations
 - Level 4.6 Earth Magic


You couldn't memorise any spells.
You knew the following spells:

 Your Spells              Type           Power        Failure   Level  Hunger
a - Sandblast             Erth           ###...       3%          1    #......
b - Stone Arrow           Conj/Erth      ##....       21%         3    ###....
c - Stoneskin             Trmt/Erth      #.......     12%         2    ###....


Dungeon Overview and Level Annotations

Branches:
Dungeon (2/15)

Altars:

Annotations:
D:2 Sigmund


Innate Abilities, Weirdness & Mutations

You are resistant to torment.
Your stone body is resilient (AC +3).
You are immune to poison.
You resist negative energy.
You are resistant to electric shocks.
You can survive without breathing.
You are immune to petrification.
You are immune to rotting.


Message History

Casting: Sandblast
Confirm with . or Enter, or press ? or * to list all spells.
Aiming: Sandblast
Press: ? - help, Shift-Dir - straight line, f - gnoll
Aim: a gnoll, wielding a flail (moderately wounded)
The blast of sand hits the gnoll.
The gnoll is moderately wounded.
The gnoll shouts!
The gnoll hits you with a flail.
A gnoll comes into view. It is wielding a halberd.
Casting: Sandblast
Confirm with . or Enter, or press ? or * to list all spells.
Aiming: Sandblast
Press: ? - help, Shift-Dir - straight line, f/p - gnoll
Aim: a gnoll, wielding a flail (moderately wounded)
The blast of sand hits the gnoll.
The gnoll is heavily wounded.
The gnoll shouts!
The gnoll hits you with a flail!
You die...

#### ## # ..#
#.
#.##.####.#####
#.
..g.g.g.#.#...#
#. #@......#
####. ###%#...#
#.... #.##.###
#.##. #.##.#)##
#.##.
..##..#.##
#.##.
####.###.#
#.### ##.#.##
#.... ####.##
##### ##.##.# #


You could see 3 gnolls.

Vanquished Creatures
  3 adders (D:2)
  A worm (D:2)
  2 bats (D:2)
  3 giant cockroaches
  2 goblins
  2 hobgoblins
  7 kobolds
  2 rats
22 creatures vanquished.

Notes
Turn   | Place    | Note
--------------------------------------------------------------
     0 | D:1      | Oddball22 the Gargoyle Earth Elementalist began the quest for the Orb.
     0 | D:1      | Reached XP level 1. HP: 10/10 MP: 3/3
   621 | D:1      | Reached skill level 4 in Earth Magic
   836 | D:2      | Reached XP level 2. HP: 15/15 MP: 1/5
   951 | D:2      | Reached XP level 3. HP: 19/19 MP: 0/6
  1034 | D:2      | Noticed Sigmund
  1064 | D:1      | Learned a level 3 spell: Stone Arrow
  1067 | D:1      | Learned a level 2 spell: Stoneskin
  1192 | D:2      | Reached skill level 1 in Conjurations
  1855 | D:2      | Slain by a gnoll

Vault maps used:
D:1:      dpeg_arrival_boxorama, hangedman_decor_push
D:2:      kennysheep_cross_room, st_stairs_4, uniq_natasha, uniq_sigmund

Action                   || total
-------------------------++-------
Melee: Spear             ||    67
 Cast: Sandblast         ||    38
 Stab: Sleeping          ||     3
  Eat: Chunk             ||     3
